 Dungeon Crawl Stone Soup version 0.31-a0-538-gbc85326fa9 (webtiles) character file.

Game seed: 13816111416838432828

92 bmack86 the Chopper (level 4, -1/39 HPs)
             Began as a Minotaur Fighter on Aug 14, 2023.
             Slain by Sigmund
             ... wielding a +0 scythe
              (5 damage)
             ... on level 2 of the Dungeon.
             The game lasted 00:01:57 (1074 turns).

bmack86 the Chopper (Minotaur Fighter)              Turns: 1074, Time: 00:01:58

Health: -1/39      AC:  6    Str: 22    XL:     4   Next: 35%
Magic:  0/3        EV:  9    Int:  5    God:
Gold:   52         SH:  4    Dex: 10    Spells: 3/3 levels left

rFire   . . .        a - +0 war axe
rCold   . . .        c - +0 buckler
rNeg    . . .        b - +0 scale mail
rPois   .            (helmet restricted)
rElec   .            (no cloak)
rCorr   .            (no gloves)
SInv    .            (no boots)
Will    .....        i - amulet of guardian spirit Stlth
                     (no ring)
HPRegen 0.26/turn    (no ring)
MPRegen 0.08/turn

%: guardian spirit
@: no status effects
A: horns 2, retaliatory headbutt
a: no special abilities


You were on level 2 of the Dungeon.
You visited 1 branch of the dungeon, and saw 2 of its levels.

You collected 52 gold pieces.

Inventory:

Hand Weapons
 a - a +0 war axe (weapon)
Armour
 b - a +0 scale mail (worn)
 c - a +0 buckler (worn)
Jewellery
 i - an amulet of guardian spirit (around neck)
Scrolls
 f - a scroll of torment {unknown}
 g - a scroll of identify {unknown}
 h - a scroll of teleportation {unknown}
 j - a scroll of revelation {unknown}
Potions
 d - 2 potions of might
 e - a potion of heal wounds {unknown}


   Skills:
 - Level 3.6 Fighting
 + Level 5.6 Axes
 - Level 3.6 Armour
 - Level 3.6 Shields


You had 3 spell levels left.
You didn't know any spells.
Your spell library was empty.

Dungeon Overview and Level Annotations

Branches:
Dungeon (2/15)

Altars:

Annotations:
D:2 Sigmund


Innate Abilities, Weirdness & Mutations

You have a pair of horns on your head.
You reflexively headbutt those who attack you in melee.


Message History

You slash the adder!
You kill the adder!
Sigmund casts a spell.
Sigmund flickers and vanishes!
Deactivating autopickup; reactivate with Ctrl-A.
You slash the worm!
The worm is heavily wounded.
The worm barely misses you.
You slash the worm!
You kill the worm!
You hear some strange, mumbled words.
You are confused.
You hear some strange, mumbled words.
A puff of flame appears from out of thin air!
The puff of flame hits you.
You bump into the rock wall.
Something hits you.
You feel less confused.
A magic dart appears from out of thin air!
The magic dart hits you! Something hits you. You block something's attack.
You closely miss something. Your headbutt misses something. You hit something.
You hear some strange, mumbled words.
You are confused.
Something hits you but does no damage.
You bump into the rock wall.
You miss something. Something hits you!
* * * LOW HITPOINT WARNING * * *
You miss something. Something hits you but does no damage.
You bump into the rock wall.
Something hits you.
* * * LOW HITPOINT WARNING * * *
You completely miss something.
You feel less confused.
You hear some strange, mumbled words.
A magic dart appears from out of thin air!
The magic dart hits you.
* * * LOW HITPOINT WARNING * * *
You hit something. Something hits you.
You die...

### ..# # #.#
###########
#.##.###.........#
...............# #####
#.###.........#
......##.†{@.........#
#.......###.........#
....#....# #.........#
. #.[..# #.........#
....#.# #.........#
........###.........#
.....####..........###
.....
..........#########
#....
..........##.......


There were no monsters in sight!

Vanquished Creatures
  Jessica (D:2)
  3 adders (D:2)
  2 worms (D:2)
  A dart slug (D:2)
  3 bats
  2 endoplasms (D:2)
  A giant cockroach (D:1)
  3 goblins (D:2)
  3 hobgoblins (D:1)
  4 kobolds
  A quokka (D:2)
  5 ball pythons (D:1)
  2 frilled lizards (D:1)
  A rat (D:2)
32 creatures vanquished.

Notes
Turn   | Place    | Note
-------+----------+-------------------------------------------
     0 | D:1      | bmack86 the Minotaur Fighter began the quest for the Orb.
     0 | D:1      | Reached XP level 1. HP: 19/19 MP: 0/0
    77 | D:1      | Reached skill level 3 in Axes
   180 | D:1      | Reached XP level 2. HP: 26/26 MP: 1/1
   801 | D:2      | Reached skill level 4 in Axes
   833 | D:2      | Reached XP level 3. HP: 31/31 MP: 2/2
   863 | D:2      | Noticed Jessica
   865 | D:2      | Killed Jessica
   866 | D:2      | Reached skill level 5 in Axes
   924 | D:2      | Reached XP level 4. HP: 30/39 MP: 3/3
  1040 | D:2      | Noticed Sigmund
  1074 | D:2      | Slain by Sigmund

Illustrated notes

Levels and vault maps discovered:
D:1:      amcnicky_arrival_underground_garden, layout_basic, serial_park_tiny_2
D:2:      layout_basic, due_unseen_surprise, uniq_jessica, uniq_terence,
          uniq_sigmund

Skill      XL: |  1  2  3 |
---------------+----------+-----
Axes           | 3 4 5 |  5.6
Fighting       | |  3.6
Armour         | |  3.6
Shields        | |  3.6

Action                     |  1- 3 |  4- 6 || total
---------------------------+-------+-------++-------
  Melee: War axe           |    46 |    33 ||    79
         Headbutt          |     7 |     2 ||     9
 Armour: Scale mail        |    22 |    24 ||    46
  Dodge: Dodged            |    23 |    14 ||    37
  Block: Buckler           |    14 |     7 ||    21

Table legend: (Time is in decaauts)
 A = Elapsed time spent in this place.
 B = Non-inter-level travel time spent in this place.
 C = Inter-level travel time spent in this place.
 D = Time resting spent in this place.
 E = Time spent auto-exploring this place.
 F = Levels seen in this place.
 G = Mean time per level.
                   A        B        C        D        E       F      G
               +--------+--------+--------+--------+--------+-----+--------+
         Total |   1097 |   1084 |     13 |      0 |    800 |   2 |  548.5 |
       Dungeon |   1097 |   1084 |     13 |      0 |    800 |   2 |  548.5 |
               +--------+--------+--------+--------+--------+-----+--------+

Top non-repeatable levels by time:
     D:1: 739 daAuts
     D:2: 358 daAuts
